Description

Optimized 8 Voidray rush, 0 waste

Build Order

Get SALT Encoding   

  14  00:17  Pylon  
  15  00:27  Assimilator  
  17  00:49  Assimilator, Action  Move 3 to Gas
  17  00:50  Gateway  
  19  01:11  Action  Move 3 to Gas
  20  01:38  Cybernetics Core  
  20  01:45  Nexus  
  22  02:14  Stargate x2  
  23  02:24  Assimilator  
  24  02:57  Void Ray x2  
  30  02:58  Action  Move 3 to Gas
  32  03:08  Action  Chrono Nexus > Stargates
  32  03:37  Void Ray x2  
  38  03:43  Pylon  
  38  04:14  Void Ray x2  
  45  04:17  Pylon  
  45  04:52  Void Ray x2  
  51  04:58  Pylon  
Spawning Tool Build Advisor. Get it on Overwolf

Go to:

Details

  • Created by: Estamel
  • Published on: Apr 01, 2017
  • Modified on: Apr 01, 2017
  • Patch: 3.8.0
Show
View Real Time Build Order
Export as new Build Order

Comments (1)

On April 12, 2017, 3:40 p.m., Light19  said:

Easy loose when scouted. Can't defend against reaper, early zerglings or gate units, e.g. to almost any current ladder build order.

Create an account to comment!